 Dungeon Crawl Stone Soup version 0.31-a0-1300-gb6740aa4e6 (webtiles) character file.

Game seed: 13945680423226510991

263 grandjackal the Slasher (level 5, -4/70 HPs)
             Began as a Draconian Gladiator on Dec 18, 2023.
             Slain by Grinder (5 damage)
             ... on level 3 of the Dungeon.
             The game lasted 00:03:03 (1977 turns).

grandjackal the Slasher (Draconian Gladiator)       Turns: 1977, Time: 00:03:05

Health: -4/70      AC:  5    Str: 16    XL:     5   Next: 97%
Magic:  5/5        EV: 13    Int:  9    God:
Gold:   132        SH:  0    Dex: 14    Spells: 4/4 levels left

rFire   . . .        a - +0 long sword
rCold   + . .        (no shield)
rNeg    . . .        (body armour unavailable)
rPois   .            b - +0 hat
rElec   .            (no cloak)
rCorr   .            (no gloves)
SInv    .            (no boots)
Will    .....        (no amulet) Stlth
                     h - ring of protection from cold
HPRegen 0.31/turn    (no ring)
MPRegen 0.09/turn

%: no passive effects
@: berserking, hasted, very quick
A: AC +5, unfitting armour, cold-blooded
a: no special abilities


You were on level 3 of the Dungeon.
You visited 1 branch of the dungeon, and saw 3 of its levels.

You collected 132 gold pieces.

Inventory:

Hand Weapons
 a - a +0 long sword (weapon)
Missiles
 c - 2 throwing nets (quivered)
 d - a javelin
 k - 6 boomerangs
Armour
 b - a +0 hat (worn)
Jewellery
 h - a ring of protection from cold (left hand)
Scrolls
 e - a scroll of teleportation {unknown}
 g - 2 scrolls of identify {unknown}
 j - a scroll of fog {unknown}
 l - a scroll of fear {unknown}
 o - a scroll of vulnerability {unknown}
Potions
 n - a potion of heal wounds {unknown}


   Skills:
 + Level 4.3 Fighting
 + Level 4.5 Long Blades
 - Level 2.0 Throwing
 + Level 4.0 Dodging


You had 4 spell levels left.
You didn't know any spells.
Your spell library contained the following spells:

 Spells                   Type           Power      Damage    Failure   Level
 Shock                    Conj/Air       0%         1d3       38%         1
 Hailstorm                Conj/Ice       0%         3d5       77%         3
 Swiftness                Air            0%         N/A       77%         3
 Airstrike                Air            0%         2d(0-16)  99%         4
 Summon Ice Beast         Ice/Summ       0%         N/A       99%         4
 Simulacrum               Ice/Necr       0%         N/A       100%        6


Dungeon Overview and Level Annotations

Branches:
Dungeon (3/15)

Altars:

Annotations:
D:3 Grinder


Innate Abilities, Weirdness & Mutations

Your plain brown scales are hard. (AC +5)
You cannot fit into any form of body armour.
You are cold-blooded and may be slowed by cold attacks.


Message History

The frilled lizard attacks as it pursues you!
The frilled lizard barely misses you. The frilled lizard closely misses you.
You miss the frilled lizard.
The frilled lizard bites you but does no damage.
The frilled lizard bites you.
You hit the frilled lizard.
You kill the frilled lizard!
The giant cockroach barely misses you.
You barely miss the giant cockroach.
Your tail-slap misses the giant cockroach.
The giant cockroach is moderately wounded.
The giant cockroach closely misses you.
You slash the giant cockroach!
You kill the giant cockroach!
You see here a giant cockroach corpse.
You aren't carrying any items that you can evoke.
It was a potion of haste.
You feel yourself speed up.
You closely miss Grinder.
Grinder is lightly wounded.
Grinder hits you!
You writhe in agony.
You barely miss Grinder.
Grinder is lightly wounded.
Grinder gestures at you. Pain shoots through your body!
* * * LOW HITPOINT WARNING * * *
You slash Grinder!
Grinder is moderately wounded.
Grinder hits you.
* * * LOW HITPOINT WARNING * * *
It was a potion of berserk rage.
A red film seems to cover your vision as you go berserk!
You feel yourself moving faster!
You feel mighty!
You closely miss Grinder.
Grinder is moderately wounded.
Grinder hits you.
* * * LOW HITPOINT WARNING * * *
You writhe in agony.
You die...
Grinder says, "Now the real fun starts!"

............# #.....##
.........#..# #..#....
.........##.# #......
r........#..# ##.....
..........§.# #.....
........###.### #..... ........#
#...# ##....
.?.......####.##############.....
.........# #..5@†........)......
.........# ################.....
.........# ##.... .........#
##... ........## ### #......##


You could see Grinder.

Vanquished Creatures
  Sigmund (D:3)
  An orc wizard (D:2)
  2 adders
  A worm (D:3)
  2 dart slugs
  3 orcs
  6 endoplasms
  3 giant cockroaches
  4 hobgoblins
  A jackal (D:2)
  2 kobolds (D:2)
  3 quokkas
  4 ball pythons
  6 bats
  2 frilled lizards
  6 goblins
  3 rats
50 creatures vanquished.

Notes
Turn   | Place    | Note
-------+----------+-------------------------------------------
     0 | D:1      | grandjackal the Draconian Gladiator began the quest for the
                  | Orb.
     0 | D:1      | Reached XP level 1. HP: 17/17 MP: 1/1
   338 | D:1      | Reached XP level 2. HP: 14/25 MP: 2/2
  1168 | D:2      | Found a faded altar of an unknown god.
  1180 | D:2      | Reached XP level 3. HP: 14/30 MP: 3/3
  1567 | D:3      | Noticed Grinder
  1591 | D:2      | Reached XP level 4. HP: 25/38 MP: 4/4
  1749 | D:3      | Noticed Sigmund
  1761 | D:3      | Killed Sigmund
  1762 | D:3      | Reached XP level 5. HP: 10/46 MP: 5/5
  1977 | D:3      | HP: 1/70 [Grinder (4)]
  1977 | D:3      | Slain by Grinder

Illustrated notes

Levels and vault maps discovered:
D:1:      giann_wishing_wells, layout_basic, minmay_pentomino_o2
D:2:      layout_rooms, ebering_ecumenical_altar_ruins
D:3:      layout_rooms, portal_sewer_entry_a, minmay_goblin_outpost,
          uniq_grinder, uniq_sigmund

Skill      XL: |  1  2  3  4 |
---------------+-------------+-----
Throwing       | 2 |  2.0
Dodging        | 3 4 |  4.0
Fighting       | 3 4 |  4.3
Long Blades    | 4 |  4.5

Action                     |  1- 3 |  4- 6 || total
---------------------------+-------+-------++-------
  Melee: Long sword        |    88 |    68 ||   156
         Tailslap          |     9 |     5 ||    14
  Throw: Throwing net      |       |     3 ||     3
    Use: Potion            |       |     3 ||     3
   Stab: Held in net/web   |       |     1 ||     1
 Armour: Skin              |    69 |    46 ||   115
  Dodge: Dodged            |    73 |    52 ||   125

Table legend: (Time is in decaauts)
 A = Elapsed time spent in this place.
 B = Non-inter-level travel time spent in this place.
 C = Inter-level travel time spent in this place.
 D = Time resting spent in this place.
 E = Time spent auto-exploring this place.
 F = Levels seen in this place.
 G = Mean time per level.
                   A        B        C        D        E       F      G
               +--------+--------+--------+--------+--------+-----+--------+
         Total |   2010 |   1864 |    146 |    324 |   1026 |   3 |  670.0 |
       Dungeon |   2010 |   1864 |    146 |    324 |   1026 |   3 |  670.0 |
               +--------+--------+--------+--------+--------+-----+--------+

Top non-repeatable levels by time:
     D:1: 977 daAuts
     D:2: 696 daAuts
     D:3: 336 daAuts
